 Dungeon Crawl Stone Soup version 0.21.1-1-g345015f (webtiles) character file.

556 scalemaster2 the Shield-Bearer (level 7, -4/61 HPs)
             Began as a Minotaur Fighter on Feb 23, 2018.
             Was a Believer of Wu Jian.
             Killed from afar by an orc wizard (8 damage)
             ... with a puff of flame
             ... on level 6 of the Dungeon on Feb 24, 2018.
             The game lasted 00:12:46 (2190 turns).

scalemaster2 the Shield-Bearer (Minotaur Fighter)   Turns: 2190, Time: 00:12:47

Health: -4/61      AC:  9    Str: 21    XL:     7   Next: 8%
Magic:  6/6        EV:  6    Int:  5    God:    Wu Jian [**....]
Gold:   117        SH: 10    Dex: 11    Spells: 1/6 levels left

rFire    . . .     SeeInvis .   a - +0 long sword
rCold    . . .     Gourm    .   c - +0 shield
rNeg     . . .     Faith    .   g - +0 chain mail
rPois    .         Spirit   .   (helmet restricted)
rElec    .         Reflect  .   (no cloak)
rCorr    .         Harm     .   (no gloves)
MR       .....                  (no boots)
Stlth    ..........             (no amulet)
HPRegen  0.20/turn              (no ring)
MPRegen  0.10/turn              (no ring)

@: no status effects
A: retaliatory headbutt, horns 2
a: Wall Jump, Renounce Religion


You were on level 6 of the Dungeon.
You worshipped Wu Jian.
Wu Jian was pleased with you.
You were not hungry.

You visited 1 branch of the dungeon, and saw 4 of its levels.

You collected 117 gold pieces.

Inventory:

Hand Weapons
 a - a +0 long sword (weapon)
Armour
 b - a +0 scale mail
 c - a +0 shield (worn)
 g - a +0 chain mail (worn)
Scrolls
 h - a scroll of immolation {unknown}
 k - a scroll of amnesia
 l - a scroll of remove curse {unknown}
Potions
 d - 3 potions of might
 j - a potion of cancellation {unknown}
Books
 i - a book of Power

   Spells                             Type                      Level
   a - Iskenderun's Battlesphere      Conjuration/Charms           5
   b - Venom Bolt                     Conjuration/Poison           5
   c - Bolt of Magma                  Conjuration/Fire/Earth       5
   d - Iron Shot                      Conjuration/Earth            6
   e - Orb of Destruction             Conjuration                  7
   f - Spellforged Servitor           Conjuration/Summoning        7
Comestibles
 f - a ration


   Skills:
 + Level 5.1 Fighting
 + Level 5.6 Long Blades
 + Level 5.1 Armour
 + Level 1.6 Dodging
 + Level 0.9 Stealth
 + Level 5.8 Shields


You had one spell level left.
You knew the following spells:

 Your Spells              Type           Power        Failure   Level  Hunger
a - Iskenderun's Battles  Conj/Chrm      #.......     100%        5    ######.


Dungeon Overview and Level Annotations

Branches:
Dungeon (3/15)

Altars:
Nemelex Xobeh
Wu Jian


Innate Abilities, Weirdness & Mutations

You reflexively headbutt those who attack you in melee.
You have a pair of horns on your head.


Message History

The gnoll hits you but does no damage.
A sky beast appears from thin air!
Reactivating autopickup.
You see here an arrow.
The sky beast flickers out of sight!
Deactivating autopickup; reactivate with Ctrl-A.
A sky beast appears from thin air!
Reactivating autopickup.
The sky beast flickers out of sight!
Deactivating autopickup; reactivate with Ctrl-A.
You block something's attack.
A sky beast appears from thin air!
Reactivating autopickup.
Something hits you.
* * * LOW HITPOINT WARNING * * *
Deactivating autopickup; reactivate with Ctrl-A.
You hear some strange, mumbled words.
A puff of flame appears from out of thin air!
The puff of flame hits you!
You die...

#### #...# #... #...#
###..( +...# . #.....
##...###.. #..... .......
####..... #...> .........
#..#################.....
#..#....@.h..g....($)..[.
#........Y.......####''##
#.>..........<.###.......
#.##.#########.##....F...
#.##.# ###..o...o..
#.##'#### ...c...F..
#[......# ..........
#.......# ....(.....
######.......#


You could see a sky beast, a hound and a gnoll.

Vanquished Creatures
  A centaur (D:6)
  3 bullfrogs (D:6)
  A scorpion (D:6)
  A jelly (D:6)
  2 hounds (D:6)
  5 gnolls
  3 adders
  A worm (D:2)
  A dart slug (D:2)
  3 leopard geckos
  2 orcs (D:6)
  A ball python (D:3)
  5 giant cockroaches
  5 goblins
  6 hobgoblins
  5 jackals
  A quokka (D:3)
  7 bats
  6 frilled lizards
  5 kobolds
  8 rats
  A plant (D:1)
73 creatures vanquished.

Notes
Turn   | Place    | Note
-------+----------+-------------------------------------------
     0 | D:1      | scalemaster2 the Minotaur Fighter began the quest for the Orb.
     0 | D:1      | Reached XP level 1. HP: 19/19 MP: 0/0
   180 | D:1      | Reached XP level 2. HP: 27/27 MP: 1/1
   652 | D:1      | Reached XP level 3. HP: 33/33 MP: 2/2
   904 | D:2      | Found a faded altar of an unknown god.
   907 | D:2      | Became a worshipper of the Wu Jian Council
   907 | D:2      | Reached * piety under Wu Jian
  1032 | D:2      | Found a sparkling altar of Nemelex Xobeh.
  1630 | D:3      | Reached XP level 4. HP: 36/41 MP: 3/3
  1760 | D:3      | Reached ** piety under Wu Jian
  1961 | D:3      | You fall through a shaft for 3 floors!
  1977 | D:6      | Reached XP level 5. HP: 23/47 MP: 4/4
  1990 | D:6      | Noticed a centaur
  1997 | D:6      | Reached skill level 5 in Shields
  2011 | D:6      | Reached skill level 1 in Dodging
  2021 | D:6      | Reached XP level 6. HP: 26/53 MP: 5/5
  2080 | D:6      | Learned a level 5 spell: Iskenderun's Battlesphere
  2152 | D:6      | Reached skill level 5 in Long Blades
  2154 | D:6      | Noticed a sky beast
  2155 | D:6      | Reached skill level 5 in Fighting
  2160 | D:6      | Reached skill level 5 in Armour
  2172 | D:6      | Reached XP level 7. HP: 28/61 MP: 6/6
  2190 | D:6      | Killed from afar by an orc wizard

Skill      XL: |  1  2  3  4  5  6 |
---------------+-------------------+-----
Fighting       | 4 5 |  5.1
Shields        | 4 5 |  5.8
Armour         | 4 5 |  5.1
Long Blades    | 3 4 5 |  5.6
Dodging        | 1 |  1.6
Stealth        | |  0.9

Action                   |  1- 3 |  4- 6 |  7- 9 || total
-------------------------+-------+-------+-------++-------
Melee: Long sword        |    96 |    81 |     6 ||   183
       Headbutt          |    19 |    19 |     2 ||    40
Invok: Lunge             |     5 |     9 |       ||    14
       Whirlwind         |     4 |     6 |       ||    10
       Wall Jump         |       |     9 |       ||     9
 Abil: Wall Jump         |       |     1 |       ||     1
  Use: Scroll            |     2 |     2 |       ||     4
       Potion            |     3 |     2 |     1 ||     6
  Eat: Ration            |     1 |     1 |       ||     2
Armor: Scale mail        |    12 |       |       ||    12
       Chain mail        |    24 |    45 |     5 ||    74
Dodge: Dodged            |    15 |    27 |     2 ||    44
Block: Shield            |    48 |    57 |     3 ||   108
       Rpst.: Long sword |     3 |     9 |       ||    12
